Map: Shadowed Jungle

Players

Winthrowe

  • Race: Terran Terran
  • League: Silver
  • Spawn Location: 1:00

Nikitta - Winner!

  • Race: Terran Terran
  • Spawn Location: 7:00

A.I. 2 (Medium)

  • Race: Terran Terran
  • Spawn Location: 11:00

A.I. 3 (Very Hard) - Winner!

  • Race: Terran Terran
  • Spawn Location: 5:00

VOD

Have the link to the VOD?

Description

Time

  • Played on: Aug. 28, 2017, 7:40 p.m.
  • Length: 21:17
Show
View Real Time Build Order
Export as new Build Order

Winthrowe Terran 

Build Orders: MMM Bio 

Get SALT Encoding   

  12  0:01  SCV  
  13  0:14  SCV  
  14  0:30  Supply Depot  
  14  0:34  SCV  
  15  0:38  Refinery  
  15  0:50  Engineering Bay  
  15  0:52  SCV  
  16  1:00  Barracks  
  16  1:05  SCV  
  17  1:17  SCV  
  18  1:33  SCV  
  19  1:44  Supply Depot  
  19  1:57  Command Center  
  19  2:00  SCV  
  20  2:09  Marine  
  21  2:17  SCV, Engineering Bay  
  23  2:30  SCV  
  23  2:36  Refinery  
  23  2:42  SCV  
  24  2:49  Barracks  
  24  2:56  Barracks Tech Lab  
  24  3:11  SCV x2  
  26  3:26  SCV x2, Refinery  
  28  3:37  Factory  
  28  3:38  SCV  
  28  3:39  SCV  
  30  4:00  SCV  
  32  4:02  SCV  
  32  4:07  Barracks Reactor  
  32  4:22  Armory  
  32  4:26  Factory Tech Lab  
  32  4:35  Terran Infantry Weapons Level 1, Terran Infantry Armor Level 1  
  32  4:52  Marine x2, Marauder  
  36  5:11  Starport  
  36  5:13  Marauder  
  38  5:26  Stimpack  
  38  5:28  Combat Shields  
  38  5:31  Marauder  
  38  5:34  Marine  
  43  5:35  Hellion  
  43  5:36  Hellion  
  45  5:52  Marine  
  46  5:59  Supply Depot  
  46  6:10  Planetary Fortress  
  46  6:13  Orbital Command  
  46  6:19  Marine  
  46  6:20  Marine, Medivac  
  46  6:21  Hellion x2  
  46  6:22  Supply Depot  
  53  6:29  Building Armor, Hi-Sec Auto Tracking  
  53  6:41  Command Center  
  53  6:44  Hellion x2  
  53  6:47  Concussive Shells  
  57  6:51  Marauder x2  
  57  7:05  Hellion  
  57  7:11  Marine  
  57  7:12  Marauder  
  57  7:14  Medivac  
  62  7:47  Supply Depot  
  62  7:52  Marine, Medivac  
  62  7:53  Marauder  
  67  8:02  Command Center  
  67  8:03  Planetary Fortress  
  67  8:10  Marine  
  67  8:11  Supply Depot  
  68  8:13  Marine  
  68  8:15  SCV x2  
  71  8:27  SCV  
  71  8:28  Marine, SCV, Cyclone x2  
  71  8:31  Marine  
  71  8:32  Medivac  
  71  8:34  Supply Depot  
  83  8:40  SCV  
  80  8:57  Supply Depot  
  80  9:13  Starport Reactor  
  78  9:18  SCV x4  
  82  9:30  SCV x2  
  84  9:31  Marine x2  
  84  9:35  Cyclone  
  84  9:36  Cyclone  
  92  9:49  Marine x2  
  94  10:01  Refinery  
  94  10:07  Marine x2, Cyclone  
  94  10:08  Cyclone  
  102  10:18  Refinery  
  102  10:20  SCV  
  102  10:21  SCV x3  
  106  10:24  Marine  
  106  10:25  Marine, Refinery  
  108  10:30  Refinery  
  108  10:32  SCV  
  108  10:33  SCV x3  
  110  10:35  Refinery  
  110  10:39  Cyclone  
  110  10:42  Marine  
  84  10:43  Marine  
  77  10:55  Hellion  
  79  10:58  Medivac x2  
  79  11:00  Marine x2  
  79  11:02  Terran Infantry Weapons Level 2  
  79  11:03  Terran Infantry Armor Level 2  
  85  11:12  Hellion  
  85  11:17  Hellion  
  85  11:18  Marine x2  
  90  11:23  SCV  
  90  11:24  SCV x3  
  95  11:28  Medivac x2  
  99  11:33  Hellion  
  99  11:36  Marine x2  
  99  11:37  Orbital Command  
  99  11:38  Hellion  
  105  11:53  Marine  
  106  11:54  Marine  
  106  11:55  Hellion  
  106  12:00  Hellion  
  111  12:13  Medivac x2  
  115  12:17  Marine  
  115  12:18  Marine  
  117  12:25  Command Center  
  117  12:32  Hellion x2, Command Center  
  117  12:35  Marine x2  
  123  12:45  Viking x2  
  110  12:53  Marine x2, Hellion  
  110  12:54  Hellion  
  91  13:11  Marine x2  
  89  13:15  Viking x2, Hellion x2  
  97  13:28  Marine  
  97  13:29  Marine  
  97  13:33  Terran Infantry Armor Level 3, Terran Infantry Weapons Level 3  
  99  13:36  Hellion x2  
  103  13:45  Viking x2  
  103  13:47  Marauder x2  
  111  13:57  Cyclone  
  111  13:58  Cyclone  
  115  14:08  Marauder  
  115  14:09  Marauder  
  77  14:29  Cyclone, Marauder  
  77  14:30  Cyclone, Marauder  
  87  14:32  Planetary Fortress  
  87  14:34  Planetary Fortress  
  87  14:45  SCV x4  
  91  14:57  SCV x4  
  95  15:01  Cyclone  
  95  15:02  Cyclone, Marauder  
  95  15:03  Marauder  
  105  15:09  Viking  
  107  15:23  Marauder  
  107  15:24  Marauder  
  111  15:33  SCV x2, Cyclone  
  111  15:34  SCV x4, Cyclone  
  123  15:38  Refinery  
  123  15:44  Refinery  
  123  15:45  SCV, Marauder x2  
  128  15:50  Refinery  
  126  16:02  Viking x2  
  91  16:05  Cyclone  
  91  16:06  Cyclone, Marauder  
  91  16:07  Marauder  
  91  16:09  Armory  
  91  16:10  Neosteel Frame  
  97  16:12  Armory  
  97  16:13  Terran Ship Weapons Level 1  
  97  16:17  Refinery  
  97  16:20  Starport  
  93  16:28  Marauder x2  
  93  16:32  Viking x2  
  96  16:38  Cyclone  
  94  16:45  Missile Turret  
  90  16:49  Missile Turret x2  
  90  16:57  Marine  
  90  16:58  Marine  
  88  17:02  Viking x2, Cyclone  
  93  17:10  Cyclone  
  92  17:15  Marine  
  92  17:16  Marine  
  90  17:32  Viking x2  
  90  17:33  Marine  
  90  17:34  Marine, Cyclone  
  99  17:42  Cyclone  
  94  17:51  Marine x2  
  86  17:58  Terran Vehicle Weapons Level 1  
  86  17:59  Terran Vehicle And Ship Armor Level 1  
  86  18:02  Viking x2  
  83  18:06  Cyclone  
  83  18:08  Terran Ship Weapons Level 2  
  83  18:09  Marine x2  
  88  18:14  Cyclone  
  87  18:27  Marine x2  
  86  18:32  Viking x2  
  85  18:38  Cyclone  
  80  18:44  Marine  
  80  18:45  Marine  
  80  18:46  Cyclone  
  73  19:02  Viking x2, Marine  
  74  19:03  Marine  
  72  19:10  Cyclone  
  75  19:18  Cyclone  
  75  19:20  Marine x2  
  75  19:24  Fusion Core  
  80  19:37  Liberator x2  
  80  19:38  Marine x2  
  81  19:43  Cyclone  
  85  19:48  Missile Turret  
  85  19:50  Cyclone  
  85  19:51  Missile Turret  
  88  19:53  Missile Turret  
  88  19:55  Missile Turret  
  94  20:03  Marine  
  94  20:04  Marine  
  96  20:15  Hellion  
  96  20:21  Marine x2  
  98  20:23  Hellion  
  102  20:36  Hellion  
  102  20:39  Marine x2  
  108  20:53  Hellion  
  108  20:54  Supply Depot  
  108  20:56  Marine  
  108  20:57  Marine  
Show
View Real Time Build Order
Export as new Build Order

Nikitta Terran - Winner!

Build Orders:  

Get SALT Encoding   

  12  0:03  SCV  
  13  0:16  Refinery  
  13  0:18  SCV  
  14  0:30  SCV  
  15  0:42  Supply Depot  
  16  1:04  SCV  
  16  1:06  Supply Depot  
  16  1:16  SCV  
  17  1:25  Supply Depot  
  17  1:28  SCV  
  17  1:29  Supply Depot  
  18  1:40  SCV  
  19  1:52  SCV  
  20  1:54  Barracks  
  20  2:04  SCV  
  21  2:16  SCV  
  21  2:21  Engineering Bay  
  22  2:28  SCV  
  23  2:41  SCV  
  23  2:42  Barracks  
  24  3:01  Factory  
  24  3:05  Marine  
  25  3:17  Terran Infantry Weapons Level 1  
  25  3:23  Marine  
  26  3:33  Marine  
  27  3:41  Marine  
  28  3:45  Bunker  
  28  3:51  Marine  
  29  3:58  Marine  
  29  4:00  Factory Reactor  
  30  4:08  Marine  
  31  4:16  Marine  
  32  4:21  Starport  
  32  4:26  Marine  
  33  4:33  Armory  
  33  4:36  Barracks Reactor  
  33  4:44  Marine  
  34  4:56  Hellion x2  
  38  5:02  Marine  
  39  5:16  Marine x2  
  39  5:18  Hellion x2  
  39  5:20  Marine  
  46  5:26  Starport Reactor  
  46  5:34  Marine  
  47  5:46  Supply Depot  
  47  5:49  Supply Depot  
  47  6:07  Marine x3  
  47  6:08  Hellion x2  
  50  6:25  Marine x3  
  50  6:29  Hellion x2  
  57  6:43  Marine x3  
  60  6:51  Hellion  
  62  6:56  Hellion  
  62  7:01  Marine x3  
  56  7:02  Viking  
  56  7:03  Viking  
  60  7:12  Hellion  
  62  7:17  Refinery  
  62  7:19  Marine  
  63  7:26  Supply Depot  
  63  7:47  Marine x2, Viking x2  
  63  7:48  Hellion  
  71  7:59  Command Center  
  71  8:29  Supply Depot  
  71  8:50  Marine x2, Viking x2  
  71  8:53  Supply Depot  
  40  9:07  Barracks Reactor  
  40  9:08  Marine x2  
  42  9:17  Hellbat  
  42  9:20  Viking x2  
  42  9:24  Terran Vehicle Weapons Level 1  
  48  9:26  Marine x2  
  50  9:31  SCV  
  51  9:43  Marine x2, SCV  
  54  9:47  SCV  
  55  9:59  SCV  
  56  10:06  Hellbat x2  
  60  10:15  SCV  
  61  10:28  SCV  
  62  10:32  Hellion x2  
  66  10:40  SCV  
  67  10:52  SCV  
  67  10:53  Hellion  
  70  11:33  Viking x2  
  70  11:37  Hellion x2  
  78  12:03  Viking x2  
  78  12:04  Hellbat x2  
  86  12:25  Hellbat  
  86  12:26  Hellbat  
  90  12:33  Viking x2  
  94  12:47  Hellbat x2  
  67  13:03  Viking x2  
  56  13:08  Marine  
  56  13:11  Marine  
  58  13:21  Hellbat  
  58  13:26  Marine  
  61  13:29  Marine  
  61  13:33  Viking x2  
  66  13:44  Marine  
  66  13:47  Marine  
  68  13:54  Hellbat  
  68  13:55  Hellbat  
  72  14:02  Marine  
  73  14:03  Viking x2  
  73  14:05  Marine  
  78  14:16  Hellbat x2  
  82  14:19  Marine  
  82  14:23  Marine  
  84  14:32  Viking  
  84  14:33  Viking  
  84  14:37  Hellbat x2  
  92  14:45  Liberator x2, Barracks Reactor  
  92  14:59  Hellbat x2  
  102  15:35  Bunker  
  102  16:01  Supply Depot  
  102  16:06  Liberator  
  102  16:23  Marine x2, Hellbat  
  109  16:40  Marine  
  110  17:03  Marine x2, Hellbat  
  110  17:08  Hellbat  
  110  17:12  Supply Depot  
  106  17:16  Supply Depot  
  106  17:21  Marine x2  
  102  17:25  Hellbat  
  104  17:38  Marine x2  
  106  17:56  Marine x2  
  104  18:08  Marine  
  104  18:10  Viking  
  104  18:11  Viking  
  109  18:14  Marine x2, Hellion x2  
  115  18:25  Marine  
  116  18:32  Marine x2  
  118  18:36  Hellion x2  
  118  18:40  Viking  
  118  18:41  Viking  
  126  18:43  Marine  
  124  18:50  Marine x2  
  126  19:58  Supply Depot  
  126  20:10  Viking  
  126  20:12  Viking  
  126  20:19  Marine x3  
  129  20:21  Supply Depot  
  129  20:37  Marine x3  
  129  20:40  Viking  
  134  20:43  Viking  
  136  20:55  Marine x3  
Show
View Real Time Build Order
Export as new Build Order

A.I. 2 (Medium) Terran 

Build Orders:  

Get SALT Encoding   

  12  0:00  SCV  
  13  0:13  SCV  
  14  0:19  Supply Depot  
  14  0:25  SCV  
  15  0:41  SCV  
  16  0:45  Barracks  
  16  0:50  Refinery  
  16  0:53  SCV  
  17  1:05  SCV  
  18  1:22  Supply Depot  
  18  1:32  Orbital Command  
  18  1:33  Marine  
  18  1:39  Barracks  
  19  1:48  Refinery  
  19  1:52  Barracks Tech Lab  
  19  2:04  Factory  
  19  2:10  Marine  
  20  2:28  Marine  
  21  2:32  Marine  
  21  2:34  Supply Depot  
  22  2:46  Marine  
  23  2:51  Hellion  
  23  2:58  SCV  
  26  3:10  SCV  
  27  3:13  Hellion  
  27  3:15  Supply Depot  
  29  3:22  SCV  
  29  3:24  Engineering Bay  
  31  3:34  SCV, Hellion  
  33  3:46  SCV  
  36  3:56  Hellion  
  36  3:58  SCV  
  37  5:13  Barracks Tech Lab  
  37  5:14  SCV, Marauder  
  40  5:16  Factory, Factory Tech Lab  
  40  5:19  Supply Depot  
  40  5:21  Missile Turret  
  40  5:22  Missile Turret, Command Center  
  40  5:26  SCV  
  41  5:28  Sensor Tower  
  41  5:34  Marine  
  44  5:42  Marauder  
  44  5:44  Supply Depot  
  44  5:48  Starport  
  43  5:53  SCV  
  43  5:55  Siege Tank  
  35  6:00  Factory Tech Lab  
  34  6:08  Marine  
  35  6:20  Marine  
  35  6:22  Bunker  
  36  6:25  Starport Tech Lab  
  36  6:30  Armory  
  36  6:33  Marine  
  36  6:35  SCV  
  36  6:38  SCV  
  39  6:43  Raven  
  39  6:46  Marine  
  42  6:47  Missile Turret  
  42  6:48  SCV  
  42  6:50  SCV  
  44  6:59  Marine  
  44  7:00  SCV  
  44  7:03  SCV  
  45  7:09  Missile Turret  
  45  7:12  Siege Tank, SCV  
  45  7:15  SCV  
  50  7:20  Barracks  
  50  7:24  SCV  
  50  7:25  Widow Mine  
  50  7:26  Raven  
  50  7:27  SCV  
  56  7:31  Bunker  
  56  7:36  SCV  
  57  7:38  Marine  
  57  7:39  SCV  
  59  7:48  SCV  
  59  7:51  Marine, SCV  
  62  8:00  SCV  
  62  8:03  SCV, Widow Mine  
  66  8:08  Barracks Reactor  
  66  8:12  SCV  
  67  8:16  Refinery  
  67  8:23  Refinery  
  67  8:38  SCV  
  67  8:41  SCV  
  68  8:51  SCV  
  68  8:53  SCV  
  68  8:55  Supply Depot  
  70  9:03  SCV  
  70  9:06  SCV  
  71  9:50  Medivac, Combat Shields, Reaper  
  71  9:51  Terran Infantry Weapons Level 1, Stimpack  
  74  9:54  Marine  
  74  9:55  Starport  
  74  9:58  Supply Depot  
  74  9:59  Marine  
  75  10:03  Ghost Academy  
  75  10:04  Marine  
  77  10:08  Fusion Core  
  77  10:10  Engineering Bay  
  77  10:12  Marine  
  77  10:13  Armory, Command Center  
  78  10:18  Reaper  
  78  10:20  Medivac  
  81  10:22  Marauder  
  81  10:24  Supply Depot  
  83  10:31  Marine, Starport Tech Lab  
  78  10:36  Marine, Terran Infantry Armor Level 1  
  79  10:43  Marine  
  79  10:49  Marine  
  73  10:50  Raven  
  73  10:51  Marine  
  73  10:56  Marine  
  73  10:57  Raven  
  68  11:02  Marauder  
  72  11:07  Marauder  
  72  11:09  Concussive Shells  
  74  11:22  Ghost  
  76  11:27  SCV  
  76  11:30  SCV  
  78  11:33  SCV  
  78  11:39  SCV  
  80  11:42  SCV  
  80  11:45  SCV  
  82  11:49  Refinery  
  82  11:51  SCV  
  82  11:52  Missile Turret  
  82  11:54  Missile Turret, SCV  
  84  11:57  Refinery  
  84  12:16  Bunker  
  84  12:51  Marine  
  84  12:53  Raven  
  84  12:55  Medivac  
  84  12:56  Marine  
  81  13:02  Reaper  
  82  13:24  Marine, Medivac  
  82  13:26  Terran Infantry Armor Level 2, Marine, Terran Infantry Weapons Level 2  
  86  13:27  Terran Vehicle Weapons Level 1  
  86  13:28  Terran Ship Weapons Level 1  
  86  13:29  Marine  
  86  13:30  SCV  
  86  13:33  Marine  
  88  13:41  Marine  
  88  13:45  Marauder  
  88  13:47  Marine  
  92  13:51  Marine  
  90  13:59  Marine  
  75  14:05  Marine  
  75  14:06  Marauder  
  75  14:09  Marine  
  79  14:17  Marine  
  79  14:21  Raven  
  79  14:23  Marine  
  81  14:27  Marine x2  
  83  14:34  Ghost  
  85  14:41  Marine, Command Center  
  85  14:45  Marine x2  
  88  14:58  Marine  
  89  15:03  Marine x2  
  89  15:04  Marauder  
  95  15:21  Terran Vehicle And Ship Armor Level 1, Terran Vehicle Weapons Level 2, Marauder  
  95  15:24  Ghost  
  98  15:42  Marauder  
  98  15:43  Terran Infantry Weapons Level 3  
  98  15:44  Terran Infantry Armor Level 3  
  89  15:52  SCV  
  89  15:54  Missile Turret, Marauder  
  89  15:56  SCV  
  85  15:59  SCV  
  85  16:02  SCV  
  85  16:05  SCV  
  85  16:08  SCV  
  83  16:11  SCV, Refinery  
  83  16:12  Raven  
  83  16:13  Marine  
  83  16:14  Missile Turret, SCV  
  83  16:16  Marine  
  83  16:17  Missile Turret, SCV  
  74  16:19  Marine  
  74  16:21  SCV  
  74  16:22  Marine  
  74  16:23  Medivac  
  74  16:24  SCV  
  56  16:25  Missile Turret  
  56  16:28  Refinery  
  56  16:29  SCV  
  56  16:31  Marine  
  57  16:33  Marine, SCV  
  57  16:36  SCV  
  57  16:37  Marine  
  53  16:40  Marine, Bunker  
  53  16:42  SCV, Hellion  
  53  16:45  SCV  
  57  16:48  SCV  
  57  16:49  Marauder  
  57  16:52  Marauder  
  57  16:53  Medivac  
  57  16:54  SCV  
  64  16:55  Marine  
  64  16:56  Siege Tank, Supply Depot  
  64  16:57  SCV  
  69  17:03  Siege Tank  
  69  17:09  SCV  
  69  17:10  Marauder  
  69  17:12  Marine, SCV  
  69  17:15  SCV  
  69  17:17  Marine  
  69  17:21  SCV  
  71  17:23  Marine  
  71  17:24  SCV, Supply Depot  
  71  17:28  SCV  
  73  17:31  Marine  
  73  17:33  Marine  
  73  17:34  SCV  
  73  17:37  SCV  
  74  17:38  Raven  
  74  17:39  Marauder  
  74  17:40  SCV  
  74  17:43  Marine  
  68  17:45  Raven  
  68  17:46  SCV  
  68  17:49  Marine  
  50  17:54  Marine  
  50  17:56  SCV  
  44  17:59  SCV  
  44  18:00  Marine  
  44  18:04  Marine  
  39  18:09  Marine  
  34  18:14  Marine  
  34  18:17  SCV  
  34  18:19  Siege Tank  
  39  18:20  SCV  
  39  18:21  Medivac  
  39  18:24  Siege Tank  
  44  18:30  SCV  
  44  18:31  Marine  
  44  18:33  SCV  
  48  18:36  Marine  
  48  18:41  Marine  
  50  18:42  SCV  
  50  18:45  SCV  
  39  18:52  Hellion  
  39  18:54  SCV  
  40  18:58  SCV  
  40  19:00  Marauder  
  43  19:06  SCV  
  43  19:07  Marauder  
  30  19:13  Siege Tank  
  30  19:14  SCV  
  26  19:18  SCV  
Show
View Real Time Build Order
Export as new Build Order

A.I. 3 (Very Hard) Terran - Winner!

Build Orders: MMM Bio 

Get SALT Encoding   

  12  0:01  SCV  
  13  0:13  SCV  
  14  0:20  Supply Depot  
  14  0:25  SCV  
  15  0:41  SCV  
  16  0:43  Barracks  
  16  0:53  SCV  
  17  1:06  SCV  
  18  1:18  Supply Depot, SCV  
  19  1:23  Refinery  
  19  1:29  Marine  
  19  1:30  SCV  
  21  1:42  SCV  
  22  1:47  Marine  
  22  1:52  Barracks  
  23  1:54  SCV  
  23  1:57  Refinery  
  24  2:05  Marine  
  24  2:06  Supply Depot  
  24  2:07  Orbital Command  
  25  2:23  Marine  
  26  2:33  SCV  
  27  2:41  Marine  
  28  2:45  SCV  
  28  2:47  Command Center  
  29  3:05  SCV, Factory  
  29  3:07  Marine  
  29  3:11  Marine  
  32  3:18  SCV  
  33  3:25  Marine  
  34  3:29  Marine  
  34  3:30  SCV  
  36  3:39  Barracks  
  36  3:42  SCV  
  36  3:45  Barracks Tech Lab  
  36  3:48  Barracks Tech Lab  
  37  3:54  SCV  
  38  3:59  SCV  
  38  4:00  Starport, Factory Tech Lab  
  39  4:06  SCV  
  40  4:11  Marine, SCV  
  40  4:14  Marine  
  43  4:18  SCV  
  43  4:20  Stimpack  
  43  4:23  SCV, Combat Shields  
  45  4:30  Supply Depot, SCV  
  46  4:35  Orbital Command  
  46  4:42  SCV  
  46  4:44  Marine  
  48  4:46  Marine  
  48  4:48  Marine  
  50  4:54  SCV  
  50  4:59  Supply Depot  
  51  5:00  SCV  
  51  5:02  Marauder  
  51  5:06  SCV, Marauder  
  56  5:24  Siege Tank, Barracks Reactor, Marauder  
  56  5:28  Marauder  
  63  5:35  Supply Depot, Command Center  
  63  5:43  Engineering Bay  
  63  5:52  Marauder  
  63  5:56  Marauder  
  66  6:01  Marine  
  67  6:08  Siege Tank  
  67  6:11  Terran Infantry Weapons Level 1  
  70  6:14  Supply Depot, Marauder  
  70  6:18  Marauder  
  74  6:29  Concussive Shells  
  74  6:35  Marauder  
  74  6:39  Marauder  
  78  6:40  Siege Tank  
  78  6:44  Supply Depot  
  81  6:48  SCV x2  
  81  6:49  SCV  
  81  6:51  Refinery  
  84  7:00  SCV  
  84  7:02  Engineering Bay  
  84  7:07  Orbital Command  
  84  7:12  Siege Tank  
  84  7:13  Missile Turret  
  87  7:21  Missile Turret  
  87  7:22  Starport Reactor, Barracks  
  87  7:25  Marine  
  87  7:27  Marine  
  87  7:28  Terran Infantry Armor Level 1  
  91  7:44  Siege Tank, Marauder  
  91  7:48  Marauder  
  96  7:51  Supply Depot  
  96  7:53  Missile Turret  
  96  7:55  Refinery  
  96  7:58  Medivac  
  98  8:02  Medivac  
  100  8:16  Siege Tank  
  100  8:19  Missile Turret, Command Center  
  103  8:23  SCV  
  103  8:25  SCV, Supply Depot  
  105  8:43  Armory  
  105  8:48  Widow Mine  
  106  9:05  Armory  
  106  9:07  Missile Turret  
  106  9:16  Widow Mine  
  108  9:26  Supply Depot  
  108  9:31  Terran Vehicle Weapons Level 1  
  108  9:32  SCV  
  108  9:33  SCV x2  
  108  9:34  SCV  
  108  9:35  Refinery  
  112  9:43  Missile Turret  
  112  9:45  SCV, Widow Mine  
  113  9:46  SCV  
  113  9:47  Planetary Fortress, Missile Turret  
  113  9:48  SCV  
  117  9:53  Terran Vehicle And Ship Armor Level 1  
  117  9:56  Terran Infantry Weapons Level 2  
  117  9:57  SCV  
  117  9:58  SCV  
  119  10:00  SCV  
  119  10:05  Medivac  
  122  10:09  SCV  
  122  10:10  SCV  
  122  10:12  SCV  
  122  10:13  Widow Mine  
  127  10:21  SCV  
  128  10:22  SCV  
  128  10:26  Factory  
  129  10:35  SCV  
  130  10:36  SCV, Command Center  
  130  10:37  SCV  
  130  10:39  Marauder  
  130  10:40  Marine x2  
  130  10:41  Supply Depot  
  124  10:43  Marine  
  116  11:01  Marine  
  117  11:04  Marine  
  117  11:06  Marine  
  117  11:07  Marine  
  117  11:09  Marine  
  121  11:16  Supply Depot  
  121  11:20  Siege Tank  
  121  11:22  Marauder  
  126  11:27  Marauder  
  128  11:34  Missile Turret  
  128  11:39  Supply Depot  
  128  11:44  Starport  
  128  11:45  Factory Tech Lab  
  128  11:47  Hi-Sec Auto Tracking  
  128  11:50  SCV  
  128  11:51  SCV  
  128  11:52  Siege Tank  
  128  11:53  SCV  
  134  11:55  SCV  
  135  12:02  SCV  
  135  12:04  SCV  
  135  12:05  SCV  
  135  12:07  SCV  
  139  12:10  Missile Turret  
  139  12:13  Viking  
  139  12:14  SCV  
  141  12:15  Viking  
  141  12:17  SCV  
  141  12:18  SCV  
  141  12:19  Planetary Fortress  
  141  12:21  Starport Tech Lab  
  145  12:26  SCV  
  145  12:28  Missile Turret  
  146  12:31  Terran Infantry Weapons Level 3  
  146  12:35  Terran Vehicle Weapons Level 2  
  146  12:41  Raven  
  146  12:43  Viking  
  146  12:44  Refinery  
  150  12:45  Viking  
  150  12:50  Supply Depot  
  147  12:52  Refinery  
  147  12:53  Marine  
  147  12:54  Marine x2  
  147  12:55  Marine x2, Refinery  
  123  13:11  Marine  
  123  13:12  Marine x2, Building Armor  
  123  13:13  Marine  
  123  13:14  Marauder  
  123  13:19  Barracks  
  127  13:21  Medivac  
  127  13:24  Viking, Raven  
  133  13:30  Marine  
  133  13:31  Command Center  
  133  13:32  Barracks Tech Lab, Marine x2  
  136  13:35  Marauder  
  136  13:37  Cyclone  
  141  13:45  Cyclone  
  141  13:47  Marine  
  141  13:48  SCV  
  145  13:50  Marine, Marauder  
  145  13:51  Marine  
  149  13:56  Marauder  
  149  13:58  Viking  
  149  14:02  Supply Depot  
  151  14:03  Viking  
  151  14:05  Marine  
  151  14:06  Marine  
  151  14:08  Marine  
  151  14:09  Marine, Siege Tank  
  147  14:11  Viking, Marauder  
  149  14:17  Marine  
  149  14:24  Marine, Siege Tank, Marauder  
  155  14:26  Marine  
  155  14:28  Marine, Medivac  
  160  14:33  Marauder  
  160  14:35  Marine, Medivac  
  165  14:39  Supply Depot  
  165  14:41  Marine  
  165  14:44  Planetary Fortress  
  165  14:45  Marauder  
  168  14:53  Marauder  
  168  14:55  Marauder  
  172  15:04  Terran Vehicle Weapons Level 3  
  172  15:06  Marauder  
  174  15:07  Marine x2  
  174  15:08  Marine  
  174  15:10  High Capacity Fuel Tanks  
  174  15:11  Liberator  
  177  15:14  Marine  
  177  15:16  Marine  
  177  15:18  Terran Infantry Armor Level 2  
  177  15:21  Liberator  
  179  15:25  Marine, Command Center  
  179  15:27  Marine  
  179  15:28  Marine  
  185  15:36  Marine x2  
  185  15:38  Marine  
  185  15:40  Widow Mine  
  185  15:42  Widow Mine  
  193  15:43  Marine  
  193  15:46  Marauder  
  198  15:51  Ghost Academy  
  198  15:53  Marine  
  198  15:54  Marine, Marauder  
  198  15:56  Marauder  
  163  16:11  Raven  
  163  16:15  Marauder  
  163  16:17  Siege Tank, Missile Turret  
  154  16:18  Marauder  
  154  16:20  Missile Turret  
  154  16:21  Marine  
  154  16:22  Ghost  
  154  16:24  Medivac  
  156  16:32  Marine, Siege Tank  
  158  16:34  Marine  
  158  16:37  SCV  
  158  16:39  Marine  
  162  16:48  Widow Mine  
  162  16:51  Marine  
  162  16:52  Marine x2  
  162  16:53  Marine  
  158  16:54  Marine, Raven  
  158  16:55  Medivac, Refinery  
  158  16:56  Command Center  
  158  16:57  Marine  
  158  16:58  Missile Turret  
  158  16:59  Medivac  
  158  17:00  Refinery  
  162  17:08  SCV  
  162  17:09  Marine  
  162  17:11  Marine x2  
  162  17:12  Marine  
  167  17:15  Marine  
  167  17:17  Marine  
  167  17:18  Planetary Fortress  
  167  17:22  Missile Turret  
  166  17:25  Viking  
  166  17:26  Missile Turret  
  166  17:27  Marine  
  166  17:28  Siege Tank  
  166  17:29  Marauder, Medivac, Widow Mine  
  178  17:33  Marine, Missile Turret  
  176  17:45  Viking  
  176  17:46  Marauder  
  171  17:52  Marauder  
  171  17:55  Viking  
  171  17:56  Marine  
  171  17:57  Terran Infantry Armor Level 3  
  171  17:58  Cyclone  
  179  18:00  Marine  
  179  18:05  Terran Vehicle And Ship Armor Level 2  
  180  18:09  Marine x2  
  180  18:12  Marine, Planetary Fortress, Refinery  
  180  18:14  Liberator  
  180  18:15  Refinery  
  180  18:19  Siege Tank  
  181  18:21  Missile Turret  
  181  18:22  Command Center  
  181  18:25  Marine, Liberator  
  181  18:26  Marine  
  181  18:27  Marine x2, Missile Turret  
  173  18:28  Marine  
  173  18:30  Marine, Siege Tank  
  173  18:32  Missile Turret  
  177  18:43  Marine  
  177  18:44  Marine  
  177  18:45  Marine, Marauder  
  185  18:48  Marauder  
  185  18:49  Viking  
  185  18:51  Cyclone  
  190  18:57  Marine  
  190  19:00  Ghost  
  190  19:01  Widow Mine  
  190  19:02  Marine  
  196  19:07  Marauder  
  194  19:10  Marauder  
  194  19:14  Viking  
  196  19:19  Medivac  
  196  19:22  Widow Mine  
  200  19:38  Planetary Fortress, Refinery  
  200  19:49  Missile Turret  
  200  19:50  Command Center  
  200  20:02  Missile Turret  
  200  20:05  Missile Turret  
  200  20:07  Refinery  
  200  20:08  Missile Turret  
  200  21:16  Refinery  
Tags
 
Add a new tag
Caveats
  • Supply blocks, unpowered buildings, or Contaminate may cause inaccurate times.
  • Supply counts are checked every 10 seconds.